 Dungeon Crawl Stone Soup version 0.31-a0-460-g9e667d4245 (webtiles) character file.

Game seed: 11413008547339024172

2675 Hubris850 the Mimic (level 9, -9/75 HPs)
             Began as a Troll Shapeshifter on Aug 4, 2023.
             Was an Elder of Okawaru.
             Mangled by Joseph
             ... wielding a +0 quarterstaff
              (21 damage)
             ... on level 7 of the Dungeon.
             The game lasted 00:10:31 (4675 turns).

Hubris850 the Mimic (Troll Shapeshifter)            Turns: 4675, Time: 00:10:31

Health: -9/75      AC:  5    Str: 27    XL:     9   Next: 37%
Magic:  8/8        EV: 10    Int:  4    God:    Okawaru [****..]
Gold:   457        SH:  0    Dex: 12    Spells: 8/8 levels left

rFire   . .          .
                       - Unarmed
rCold   . . .        (no shield)
rNeg    . . .        a - melded +0 animal skin
rPois   .            y - +2 hat
rElec   .            m - +0 cloak
rCorr   .            (gloves unavailable)
SInv    .            (boots unavailable)
Will    .....        (no amulet)
Stlth   +            h - ring of flight
HPRegen 1.12/turn    (no ring)
MPRegen 0.11/turn

%: no passive effects
@: maw-form, flying
A: devouring maw, large, unfitting armour, claws 3, regeneration 1, shaggy fur
1, tough skin 1
a: Begin Untransformation, Renounce Religion, Heroism, Finesse


You were on level 7 of the Dungeon.
You worshipped Okawaru.
Okawaru was greatly pleased with you.
You were a creature with a mouth for a stomach.
You visited 1 branch of the dungeon, and saw 7 of its levels.

You collected 457 gold pieces.

Inventory:

Missiles
 l - 5 poisoned darts
 o - 9 javelins
 C - 2 throwing nets
Armour
 a - a +0 animal skin (melded)
 m - a +0 cloak (worn)
 y - a +2 hat (worn)
 z - a scarf of harm
 E - a +0 robe of willpower
Jewellery
 h - a ring of flight (left claw)
Talismans
 c - a beast talisman
 v - a maw talisman (active)
Wands
 A - a wand of iceblast (2)
Scrolls
 d - 4 scrolls of teleportation {unknown}
 e - 3 scrolls of enchant armour {unknown}
 g - 4 scrolls of amnesia {unknown}
 j - 4 scrolls of vulnerability {unknown}
 p - 2 scrolls of immolation {unknown}
 q - 5 scrolls of identify {unknown}
 t - a scroll of noise {unknown}
 u - a scroll of revelation {unknown}
 x - a scroll of fear {unknown}
 B - a scroll of blinking {unknown}
Potions
 b - a potion of lignification
 f - 2 potions of degeneration {unknown}
 i - a potion of brilliance {unknown}
 k - a potion of heal wounds {unknown}
 n - a potion of ambrosia {unknown}
 r - a potion of cancellation {unknown}
 s - 2 potions of enlightenment {unknown}
 w - 2 potions of haste {unknown}
 D - a potion of invisibility {unknown}


   Skills:
 - Level 0.7 Fighting
 - Level 1.5 Dodging
 * Level 8.6 Unarmed Combat
 + Level 9.0 Shapeshifting


You had 8 spell levels left.
You didn't know any spells.
Your spell library contained the following spells:

 Spells                   Type           Power      Damage    Failure   Level
 Freeze                   Ice            0%         1d3       50%         1
 Cigotuvi's Dreadful Rot  Necr/Pois/Air  0%         N/A       65%         2
 Frozen Ramparts          Ice            0%         1d1       86%         3
 Gell's Gravitas          Tloc           0%         N/A       86%         3
 Hailstorm                Conj/Ice       0%         3d3       86%         3
 Ignite Poison            Fire/Tmut/Pois 0%         N/A       86%         3
 Teleport Other           Tloc           0%         N/A       86%         3
 Passage of Golubria      Tloc           0%         N/A       99%         4
 Freezing Cloud           Conj/Ice/Air   0%         6-21      100%        5
 Silence                  Hex/Air        0%         N/A       100%        5
 Dispersal                Tloc           0%         N/A       100%        6
 Eringya's Noxious Bog    Tmut/Pois      0%         4d6       100%        6
 Lehudib's Crystal Spear  Conj/Erth      0%         10d2      100%        8
 Summon Forest            Summ/Tloc      Unusable   N/A       N/A         5
 Summon Hydra             Summ           Unusable   N/A       N/A         7

Dungeon Overview and Level Annotations

Branches:
Dungeon (7/15)             Temple (0/1) D:7

Altars:
Okawaru
Qazlal
Ru
Sif Muna
Trog
Vehumet
The Shining One

Shops:
D:2 :

Annotations:
D:7 Joseph


Innate Abilities, Weirdness & Mutations

You are a creature with a mouth for a stomach.
Your midsection houses a second, enormous mouth.
You are too large for most types of armour.
You have claws for hands.
Your natural rate of healing is unusually fast.
You are covered in fur. (AC +1)
You have tough skin. (AC +1)


Message History

The hound bites you.
You mangle the hound!!
You devour the hound!
You feel better.
You kill the hound!
Okawaru accepts your kill.
No target in view!
Things that are here:
a +2 mace; a +0 robe Joseph, a Mercenary comes into view.
He is wielding a +0 quarterstaff and wearing a +2 ring mail of willpower.
Joseph shouts!
Joseph unwields a +0 quarterstaff.
Joseph wields a +0 sling.
Joseph shoots a sling bullet.
The sling bullet hits you!
Found a scale mail.
Joseph shoots a sling bullet.
The sling bullet barely misses you.
Joseph shoots a sling bullet.
The sling bullet hits you!
Found a stone staircase leading down.
Joseph shoots a sling bullet.
The sling bullet hits you.
Joseph unwields a +0 sling.
Joseph wields a +0 quarterstaff.
Joseph hits you with a +0 quarterstaff!
You are too injured to fight recklessly!
You are too injured to fight recklessly!
You are too injured to fight recklessly!
You are too injured to fight recklessly!
You are too injured to fight recklessly!
You are too injured to fight recklessly!
You are too injured to fight recklessly!
You are too injured to fight recklessly!
You are too injured to fight recklessly!
You are too injured to fight recklessly!
You closely miss Joseph. You completely miss Joseph.
Joseph hits you with a +0 quarterstaff!
You scratch Joseph but do no damage. You bite Joseph, but do no damage.
Joseph hits you with a +0 quarterstaff!!
* * * LOW HITPOINT WARNING * * *
You claw Joseph!
Joseph is lightly wounded.
Joseph completely misses you.
You mangle Joseph!!
Joseph is heavily wounded.
Joseph hits you with a +0 quarterstaff!!
You die...

## #####. ..>[.
#... .. #..# ....
#.@#.....
###W...# #....###
#.#........
#######.##.#.....
#.......# .......
#.##.)######.....
#.##.........#...
#......).....#.##
#.....##...#.#.#
.#


You could see Joseph.

Vanquished Creatures
  A hornet (D:7)
  The ghost of bobo the Magician, an amateur DEFE (D:4)
  Eustachio (D:4)
  Duvessa (D:4)
  A water moccasin (D:6)
  An ice beast (D:7)
  2 sky beasts
  An ogre (D:4)
  A centaur (D:6)
  2 phantoms (D:6)
  Blork the orc (D:4)
  5 scorpions
  2 bullfrogs (D:7)
  4 wights (D:7)
  Dowan (D:4)
  3 hounds
  3 orc priests
  2 jellies
  3 iguanas
  2 orc wizards (D:3)
  A sleepcap (D:6)
  12 adders
  A white imp (D:3)
  An ufetubus (D:5)
  2 worms (D:2)
  3 dart slugs
  24 orcs
  6 bats
  8 endoplasms
  6 giant cockroaches
  5 goblins
  5 hobgoblins
  10 jackals
  8 kobolds
  4 quokkas
  7 ball pythons
  3 frilled lizards
  A goblin skeleton (D:3)
  A goblin zombie (D:3)
  3 hobgoblin zombies (D:3)
  A kobold zombie (D:3)
  2 orc skeletons (D:3)
  2 orc zombies (D:3)
  5 rats
159 creatures vanquished.

Notes
Turn   | Place    | Note
-------+----------+-------------------------------------------
     0 | D:1      | Hubris850 the Troll Shapeshifter began the quest for the
                  | Orb.
     0 | D:1      | Reached XP level 1. HP: 18/18 MP: 0/0
   294 | D:1      | Reached XP level 2. HP: 26/26 MP: 1/1
   380 | D:1      | Found a faded altar of an unknown god.
   528 | D:1      | Reached XP level 3. HP: 28/32 MP: 2/2
   938 | D:2      | Found Useon's Book Boutique.
  1173 | D:2      | Reached XP level 4. HP: 40/40 MP: 3/3
  1311 | D:2      | Found an iron altar of Okawaru.
  1323 | D:2      | Became a worshipper of Warmaster Okawaru
  1645 | D:3      | Found a glowing golden altar of the Shining One.
  1909 | D:3      | Reached skill level 5 in Unarmed Combat
  1909 | D:3      | Reached XP level 5. HP: 42/46 MP: 4/4
  2304 | D:4      | Reached skill level 4 in Shapeshifting
  2307 | D:4      | Found a runed translucent door.
  2309 | D:4      | Noticed bobo's ghost (amateur DEFE)
  2347 | D:4      | Found a stormy altar of Qazlal.
  2347 | D:4      | Noticed a sky beast
  2355 | D:4      | Killed a sky beast
  2356 | D:4      | Reached XP level 6. HP: 27/54 MP: 5/5
  2404 | D:4      | Noticed Blork the orc
  2409 | D:4      | Killed Blork the orc
  2502 | D:4      | Noticed Eustachio
  2508 | D:4      | Killed Eustachio
  2508 | D:4      | Reached * piety under Okawaru
  2509 | D:4      | Reached XP level 7. HP: 56/61 MP: 6/6
  2815 | D:4      | Noticed Dowan
  2821 | D:4      | Noticed Duvessa
  2830 | D:4      | Killed Duvessa
  2830 | D:4      | Reached ** piety under Okawaru
  2831 | D:4      | Reached skill level 5 in Shapeshifting
  2836 | D:4      | Killed Dowan
  3020 | D:4      | Killed bobo's ghost
  3054 | D:5      | Entered Level 5 of the Dungeon
  3064 | D:5      | Reached XP level 8. HP: 68/68 MP: 7/7
  3340 | D:5      | Reached skill level 6 in Shapeshifting
  3677 | D:6      | Reached skill level 7 in Shapeshifting
  3762 | D:6      | Reached *** piety under Okawaru
  4071 | D:6      | Found a faded altar of an unknown god.
  4071 | D:6      | Found a shimmering blue altar of Sif Muna.
  4079 | D:6      | Found a sacrificial altar of Ru.
  4081 | D:6      | Found a faded altar of an unknown god.
  4083 | D:6      | Found a radiant altar of Vehumet.
  4132 | D:6      | Found a bloodstained altar of Trog.
  4301 | D:7      | Reached XP level 9. HP: 65/75 MP: 8/8
  4353 | D:7      | Reached skill level 8 in Shapeshifting
  4491 | D:7      | Found a staircase to the Ecumenical Temple.
  4609 | D:7      | Reached **** piety under Okawaru
  4610 | D:7      | Reached skill level 9 in Shapeshifting
  4666 | D:7      | Noticed Joseph
  4675 | D:7      | Mangled by Joseph

Illustrated notes

Levels and vault maps discovered:
D:1:      dpeg_cavernosity, layout_basic, basic_ecumenical_altar
D:2:      minmay_diamond_boxcup, layout_basic, basic_altar, serial_shops,
          nicolae_book_shop_shelving
D:3:      layout_loops_cross, nicolae_tso_besieged_by_evil
D:4:      layout_basic, nicolae_qazlal_beasts_of_the_sky, gammafunk_ghost_grave,
          uniq_eustachio, uniq_duvessa, uniq_blork_the_orc
D:5:      layout_cave_pools, chequers_serial_rivers_micro_c,
          chequers_decorated_corner, dreamdust_wishing_well
D:6:      layout_loops_ring, mainiacjoe_overflow_alcove_4,
          chequers_temple_overflow_minitemple, ebering_dispersal_statue_hall
D:7:      layout_basic, chei_slow_surprise, minmay_temple_entry_offerings,
          uniq_joseph

Skill      XL: |  1  2  3  4  5  6  7  8  9 |
---------------+----------------------------+-----
Unarmed Combat | 4 5 6 8 |  8.6
Shapeshifting  | 4 5 7 9 |  9.0
Fighting       | |  0.7
Dodging        | |  1.5

Action                     |  1- 3 |  4- 6 |  7- 9 || total
---------------------------+-------+-------+-------++-------
  Melee: Unarmed           |    78 |    94 |   176 ||   348
         Punch             |       |     3 |     2 ||     5
         Maw               |       |       |     6 ||     6
  Throw: Javelin           |       |       |     1 ||     1
 Invoke: Heroism           |       |       |     1 ||     1
Ability: Begin Untransform |       |       |     4 ||     4
   Stab: Sleeping          |     1 |     2 |       ||     3
 Armour: Animal skin       |    43 |    27 |    22 ||    92
         Skin              |       |       |     5 ||     5
  Dodge: Dodged            |    26 |    42 |    75 ||   143
   Form: Beast             |       |       |     2 ||     2
         Maw               |       |       |     2 ||     2

Table legend: (Time is in decaauts)
 A = Elapsed time spent in this place.
 B = Non-inter-level travel time spent in this place.
 C = Inter-level travel time spent in this place.
 D = Time resting spent in this place.
 E = Time spent auto-exploring this place.
 F = Levels seen in this place.
 G = Mean time per level.
                   A        B        C        D        E       F      G
               +--------+--------+--------+--------+--------+-----+--------+
         Total |   4633 |   4467 |    166 |      0 |   3579 |   7 |  661.9 |
       Dungeon |   4633 |   4467 |    166 |      0 |   3579 |   7 |  661.9 |
               +--------+--------+--------+--------+--------+-----+--------+

Top non-repeatable levels by time:
     D:1: 925 daAuts
     D:6: 816 daAuts
     D:4: 788 daAuts
     D:3: 687 daAuts
     D:2: 633 daAuts
     D:5: 404 daAuts
     D:7: 377 daAuts
